 Dungeon Crawl Stone Soup version 0.29.0-5-ge4962eb29e (webtiles) character file.

Game seed: 27462543208618649

1 blackman the Shield-Bearer (level 1, 0/15 HPs)
             Began as a Human Wanderer on Aug 30, 2022.
             Slain by a kobold
             ... wielding a +0 whip
              (5 damage)
             ... on level 1 of the Dungeon.
             The game lasted 00:00:20 (32 turns).

blackman the Shield-Bearer (Human Wanderer)           Turns: 32, Time: 00:00:20

Health: 0/15       AC:  2    Str:  8    XL:     1   Next: 22%
Magic:  4/4        EV:  7    Int: 15    God:
Gold:   10         SH:  4    Dex: 13    Spells: 5/6 levels left

rFire   . . .      SeeInvis .   a - +0 short sword
rCold   . . .      Faith    .   b - +0 buckler
rNeg    . . .      Spirit   .   d - +0 robe
rPois   .          Reflect  .   (no helmet)
rElec   .          Harm     .   (no cloak)
rCorr   .          Rampage  .   (no gloves)
Will    .....                   (no boots)
Stlth   +.........              (no amulet)
HPRegen 0.05/turn               (no ring)
MPRegen 0.09/turn               (no ring)

@: constricted
A: no striking features
a: no special abilities


You were on level 1 of the Dungeon.
You visited 1 branch of the dungeon, and saw 1 of its levels.

You collected 10 gold pieces.

Inventory:

Hand Weapons
 a - a +0 short sword (weapon)
Armour
 b - a +0 buckler (worn)
 d - a +0 robe (worn)
Scrolls
 e - a scroll of enchant armour {unknown}
Potions
 c - a potion of attraction
 f - a potion of haste {unknown}


   Skills:
 + Level 1.2 Fighting
 - Level 1.0 Short Blades
 - Level 1.0 Armour
 - Level 3.0 Shields
 - Level 3.0 Spellcasting


You had 5 spell levels left.
You knew the following spells:

 Your Spells              Type           Power      Damage    Failure   Level
a - Slow                  Hex            8%         N/A       26%         1

Your spell library contained the following spells:

 Spells                   Type           Power      Damage    Failure   Level
 Poisonous Vapours        Pois/Air       4%         N/A       36%         2
 Lesser Beckoning         Tloc           2%         N/A       61%         3
 Stone Arrow              Conj/Erth      4%         3d7       61%         3


Dungeon Overview and Level Annotations

Branches:
Dungeon (1/15)

Altars:


Message History

You are too injured to fight recklessly!
You are too injured to fight recklessly!
You are too injured to fight recklessly!
You are too injured to fight recklessly!
You are too injured to fight recklessly!
You are too injured to fight recklessly!
You are too injured to fight recklessly!
You are too injured to fight recklessly!
You are too injured to fight recklessly!
You are too injured to fight recklessly!
You are too injured to fight recklessly!
You are too injured to fight recklessly!
You are too injured to fight recklessly!
You are too injured to fight recklessly!
You are too injured to fight recklessly!
You are too injured to fight recklessly!
You are too injured to fight recklessly!
You are too injured to fight recklessly!
You are too injured to fight recklessly!
You are too injured to fight recklessly!
You are too injured to fight recklessly!
You are too injured to fight recklessly!
You are too injured to fight recklessly!
You are too injured to fight recklessly!
You are too injured to fight recklessly!
You are too injured to fight recklessly!
You are too injured to fight recklessly!
You are too injured to fight recklessly!
You are too injured to fight recklessly!
You are too injured to fight recklessly!
You are too injured to fight recklessly!
You are too injured to fight recklessly!
You are too injured to fight recklessly!
You are too injured to fight recklessly!
You hit the kobold but do no damage.
The ball python bites you but does no damage.
The ball python constricts you. You block the kobold's attack.
You completely miss the kobold. The ball python bites you.
The ball python constricts you. The kobold hits you with a +0 whip.
You die...

#####..#
#)# ####
#.# #.#
#.# #.#
#.# ######
#.#
#.....##.#
#....K@..#
#....S.###
#......#
#.....##
.......
.......
.......
.......


You could see a ball python and a kobold.

Vanquished Creatures
  A ball python (D:1)
1 creature vanquished.

Notes
Turn   | Place    | Note
-------+----------+-------------------------------------------
     0 | D:1      | blackman the Human Wanderer began the quest for the Orb.
     0 | D:1      | blackman set off with the following items: a +0 short
                  | sword, a +0 buckler, a potion of attraction, a +0 robe; and
                  | the following spell memorised: Slow; and the following
                  | spells available to memorise: Poisonous Vapours, Lesser
                  | Beckoning, Stone Arrow.
     0 | D:1      | Reached XP level 1. HP: 15/15 MP: 4/4
    32 | D:1      | Slain by a kobold

Illustrated notes

Levels and vault maps discovered:
D:1:      mrwooster_arrival_statue_2, layout_basic,
          shapermc_ecumenical_altar_rom_forum, minmay_misc_feat_doors

Action                   || total
-------------------------++-------
Melee: Short sword       ||     7
Armor: Robe              ||     2
Dodge: Dodged            ||     5
Block: Buckler           ||     7
